 Dungeon Crawl Stone Soup version 0.29.0-13-gc9e81de378 (webtiles) character file.

Game seed: 15086120361063475933

130 Rojo the Covered (level 5, -2/42 HPs)
             Began as a Human Fighter on Sept 10, 2022.
             Slain by a gnoll
             ... wielding a +0 spear
              (6 damage)
             ... on level 3 of the Dungeon.
             The game lasted 00:19:46 (5335 turns).

Rojo the Covered (Human Fighter)                    Turns: 5335, Time: 00:19:47

Health: -2/42      AC:  9    Str: 18    XL:     5   Next: 36%
Magic:  5/5        EV:  9    Int:  9    God:
Gold:   174        SH:  4    Dex: 12    Spells: 4/4 levels left

rFire   + . .      SeeInvis +   s - +0 long sword (elec)
rCold   . . .      Faith    .   c - +0 buckler
rNeg    . . .      Spirit   .   b - +0 scale mail
rPois   .          Reflect  .   S - +1 helmet {SInv}
rElec   .          Harm     .   (no cloak)
rCorr   .          Rampage  .   (no gloves)
Will    .....                   (no boots)
Stlth   ..........              (no amulet)
HPRegen 0.14/turn               y - ring of protection from fire
MPRegen 0.09/turn               (no ring)

@: no status effects
A: no striking features
a: no special abilities


You were on level 3 of the Dungeon.
You visited 1 branch of the dungeon, and saw 3 of its levels.

You collected 174 gold pieces.

Inventory:

Hand Weapons
 s - a +0 long sword of electrocution (weapon)
 v - a +1 dagger of draining
Missiles
 h - 2 curare-tipped darts (quivered)
 x - 46 stones
Armour
 b - a +0 scale mail (worn)
 c - a +0 buckler (worn)
 S - a +1 helmet of see invisible (worn)
Jewellery
 y - a ring of protection from fire (left hand)
 Y - a ring of fire
Wands
 O - a wand of digging (3)
Scrolls
 a - a scroll of noise {unknown}
 f - a scroll of vulnerability {unknown}
 g - 2 scrolls of enchant weapon {unknown}
 i - 4 scrolls of identify {unknown}
 j - a scroll of torment {unknown}
 k - a scroll of amnesia {unknown}
 z - a scroll of summoning {unknown}
Potions
 d - a potion of might
 e - a potion of resistance
 l - a potion of attraction {unknown}
 p - 3 potions of haste {unknown}
 q - a potion of invisibility {unknown}
 r - a potion of degeneration {unknown}
 t - a potion of curing {unknown}
 P - a potion of cancellation {unknown}


   Skills:
 + Level 3.6 Fighting
 + Level 3.1 Long Blades
 + Level 4.0 Armour
 + Level 0.9 Dodging
 + Level 0.3 Stealth
 + Level 3.3 Shields


You had 4 spell levels left.
You didn't know any spells.
Your spell library contained the following spells:

 Spells                   Type           Power      Damage    Failure   Level
 Gell's Gravitas          Tloc           0%         N/A       99%         3
 Lesser Beckoning         Tloc           0%         N/A       99%         3
 Teleport Other           Tloc           0%         N/A       99%         3


Dungeon Overview and Level Annotations

Branches:
Dungeon (3/15)

Altars:
Xom

Shops:
D:2 ?*:*


Message History

You kill the ball python!
You see here a ball python corpse.
You now have 149 gold pieces (gained 4).
A rat comes into view.
A rat is nearby!
The rat bites you but does no damage.
You hit the rat.
You kill the rat!
You see here a rat corpse.
A bat comes into view.
The bat barely misses you.
A bat is nearby!
You hit the bat.
You kill the bat!
Found a stone staircase leading down.
There is a stone staircase leading down here.
You now have 164 gold pieces (gained 15).
Items here: ))))))))))))))))))))))) [[[[[[[[[.
You now have 174 gold pieces (gained 10).
There is a stone staircase leading down here.
Found a ring mail.
You see here a +0 ring mail. 3 gnolls come into view.
The gnoll shouts! x3
You closely miss the gnoll. The gnoll hits you with a +0 flail!
The gnoll hits you from afar with a +0 spear.
You hit the gnoll.
The gnoll is heavily wounded.
The gnoll hits you with a +0 flail.
The gnoll hits you from afar with a +0 spear.
You completely miss the gnoll.
The gnoll is heavily wounded.
The gnoll hits you with a +0 flail! The gnoll barely misses you.
The gnoll hits you with a +0 flail.
* * * LOW HITPOINT WARNING * * *
The gnoll hits you from afar with a +0 spear!
* * * LOW HITPOINT WARNING * * *
The gnoll hits you but does no damage.
The gnoll hits you from afar with a +0 spear.
You die...

######## .......#
######.#
######.############
................@.#
#######.#########g#
#.# #g# #.# #g#
#.#########.#
#...>....##.#
########.##.#
#.##.# #.##.#


You could see 3 gnolls.

Vanquished Creatures
  Robin (D:2)
  5 adders
  A worm (D:2)
  A dart slug (D:1)
  5 ball pythons
  3 endoplasms
  4 giant cockroaches
  13 goblins
  6 hobgoblins
  5 jackals
  4 quokkas
  5 bats
  5 kobolds
  3 rats
61 creatures vanquished.

Notes
Turn   | Place    | Note
-------+----------+-------------------------------------------
     0 | D:1      | Rojo the Human Fighter began the quest for the Orb.
     0 | D:1      | Reached XP level 1. HP: 18/18 MP: 1/1
   553 | D:1      | Reached XP level 2. HP: 24/24 MP: 2/2
  1102 | D:1      | Found a faded altar of an unknown god.
  1116 | D:1      | Reached XP level 3. HP: 26/29 MP: 3/3
  2309 | D:2      | Reached XP level 4. HP: 32/35 MP: 4/4
  3094 | D:2      | Found Uwnoj's Magic Scroll Boutique.
  3107 | D:2      | Found Ihimot's General Store.
  3253 | D:2      | Found Amelis's General Store.
  3336 | D:2      | Found a shimmering altar of Xom.
  3488 | D:2      | Found Juisut's Book Shoppe.
  3822 | D:2      | Noticed Robin
  4058 | D:2      | Killed Robin
  4059 | D:2      | Reached XP level 5. HP: 41/41 MP: 5/5
  4874 | D:3      | Reached skill level 4 in Armour
  5335 | D:3      | Slain by a gnoll

Illustrated notes

Levels and vault maps discovered:
D:1:      beargit_arrival_greenhouse, layout_loops_ring,
          hellmonk_ecumenical_altar_lost_god
D:2:      layout_basic, basic_altar, serial_shops, nicolae_lakefront_shop, shop,
          nicolae_shop_stone, shop, uniq_robin
D:3:      layout_loops_ring

Skill      XL: |  1  2  3  4  5 |
---------------+----------------+-----
Long Blades    | 3 |  3.1
Armour         | 4 |  4.0
Fighting       | |  3.6
Dodging        | |  0.9
Stealth        | |  0.3
Shields        | |  3.3

Action                   |  1- 3 |  4- 6 || total
-------------------------+-------+-------++-------
Melee: Long sword        |    85 |   118 ||   203
Armor: Scale mail        |    53 |    63 ||   116
Dodge: Dodged            |    47 |    72 ||   119
Block: Buckler           |    31 |    33 ||    64
